BSA
JERSEY SHORE D-BAGS @ SPRINGFIELD STARS
05/12/2026
 
TOP OF THE 1ST
Jersey Shore D-Bags batting - Pitching for Springfield Stars : LHP José López
Pitching: LHP José López
Batting: RHB John Moore 0-0: Called Strike
0-1: Foul Ball, location: 2F
0-2: Ground out 6-3 (Groundball, 6)
Batting: RHB Millard Boyd 0-0: Called Strike
0-1: Foul Ball, location: 2F
0-2: Foul Ball, location: 2F
0-2: Ground out 3-1 (Groundball, 34S)
Batting: LHB Pat Zimmerman 0-0: Called Strike
0-1: Ball
1-1: Foul Ball, location: 2F
1-2: Ball
2-2: Strikes out swinging
Top of the 1st over - 0 run(s), 0 hit(s), 0 error(s), 0 left on base; Jersey Shore 0 - Springfield 0
BOTTOM OF THE 1ST
Springfield Stars batting - Pitching for Jersey Shore D-Bags : RHP Roland Martin
Pitching: RHP Roland Martin
Batting: RHB Juan Rodríguez 0-0: Fly out, F8 (Flyball, 8LS)
Batting: RHB Calvin Bennett 0-0: Ball
1-0: Ball
2-0: Ball
3-0: Base on Balls
Batting: LHB Derek Davidson 0-0: Called Strike
0-1: Called Strike
0-2: Ball
Calvin Bennett is caught stealing 2nd base
1-2: SINGLE (Groundball, 4MD) (infield hit)
Batting: LHB Felipe Guerrero 0-0: Ball
1-0: Called Strike
1-1: Called Strike
Pickoff Throw to First - Out!
Bottom of the 1st over - 0 run(s), 1 hit(s), 0 error(s), 0 left on base; Jersey Shore 0 - Springfield 0
TOP OF THE 2ND
Jersey Shore D-Bags batting - Pitching for Springfield Stars : LHP José López
Batting: RHB Matt Doyle 0-0: Called Strike
0-1: Foul Ball, location: 2F
0-2: Ball
1-2: Strikes out swinging
Batting: RHB Miguel Serna 0-0: Ground out 2-3 (Groundball, 25)
Batting: RHB Owen Carter 0-0: SINGLE (Line Drive, 4M)
Batting: LHB Dave Watt 0-0: Swinging Strike
0-1: Ball
1-1: Called Strike
1-2: Ball
2-2: Strikes out looking
Top of the 2nd over - 0 run(s), 1 hit(s), 0 error(s), 1 left on base; Jersey Shore 0 - Springfield 0
BOTTOM OF THE 2ND
Springfield Stars batting - Pitching for Jersey Shore D-Bags : RHP Roland Martin
Batting: LHB Felipe Guerrero 0-0: Called Strike
0-1: Ball
1-1: Ground out 4-3 (Groundball, 4)
Batting: LHB Elliott Newell 0-0: Ball
1-0: Foul Ball, location: 2F
1-1: Foul Ball, location: 2F
1-2: Foul Ball, location: 2F
1-2: Foul Ball, location: 2F
1-2: Strikes out swinging
Batting: SHB Shane Hutchinson 0-0: Ball
1-0: Foul Ball, location: 2F
1-1: Swinging Strike
1-2: Strikes out swinging
Bottom of the 2nd over - 0 run(s), 0 hit(s), 0 error(s), 0 left on base; Jersey Shore 0 - Springfield 0
TOP OF THE 3RD
Jersey Shore D-Bags batting - Pitching for Springfield Stars : LHP José López
Batting: RHB Luis Ríos 0-0: Foul Ball, location: 2F
0-1: Ball
1-1: Foul Ball, location: 2F
1-2: DOUBLE (Flyball, 8LXD)
Batting: RHB Cy Keynes 0-0: Ball
1-0: Foul Ball, location: 2F
1-1: Ball
2-1: Ball
3-1: SINGLE (Line Drive, 4MD)
Luis Ríos to third
Batting: RHB John Moore 0-0: Called Strike
0-1: Ball
1-1: Ball
2-1: Called Strike
2-2: SINGLE (Groundball, 56)
Luis Ríos scores
Cy Keynes to second
Batting: RHB Millard Boyd 0-0: Called Strike
0-1: Ball
1-1: Ball
2-1: Called Strike
2-2: Foul Ball, location: 2F
2-2: Foul Ball, location: 2F
2-2: Grounds into double play, 6-4-3 (Groundball, 6)
Cy Keynes to third
Batting: LHB Pat Zimmerman 0-0: Ball
1-0: Ball
2-0: Called Strike
2-1: Foul Ball, location: 2F
2-2: Ball
3-2: Strikes out swinging
Top of the 3rd over - 1 run(s), 3 hit(s), 0 error(s), 1 left on base; Jersey Shore 1 - Springfield 0
BOTTOM OF THE 3RD
Springfield Stars batting - Pitching for Jersey Shore D-Bags : RHP Roland Martin
Batting: RHB Juan Carlos Rodríguez 0-0: Ball
1-0: DOUBLE (Flyball, 78D)
Batting: RHB Bryan Sandstrom 0-0: Ground out 5-3 (Groundball, 56)
Batting: LHB Jesús Tobías 0-0: Ball
1-0: Ball
2-0: Ball
3-0: Base on Balls
Batting: RHB Juan Rodríguez 0-0: Ball
1-0: Called Strike
1-1: Grounds into double play, 5-4-3 (Groundball, 56)
Bottom of the 3rd over - 0 run(s), 1 hit(s), 0 error(s), 1 left on base; Jersey Shore 1 - Springfield 0
TOP OF THE 4TH
Jersey Shore D-Bags batting - Pitching for Springfield Stars : LHP José López
Batting: RHB Matt Doyle 0-0: Called Strike
0-1: Ball
1-1: Ball
2-1: Ball
3-1: Swinging Strike
3-2: Base on Balls
Batting: RHB Miguel Serna 0-0: Called Strike
0-1: Ball
1-1: Called Strike
1-2: Ball
2-2: Ball
3-2: Grounds into double play, 5-4-3 (Groundball, 5)
Batting: RHB Owen Carter 0-0: Ball
1-0: Ball
2-0: Fly out, F4 (Popup, 4M)
Top of the 4th over - 0 run(s), 0 hit(s), 0 error(s), 0 left on base; Jersey Shore 1 - Springfield 0
BOTTOM OF THE 4TH
Springfield Stars batting - Pitching for Jersey Shore D-Bags : RHP Roland Martin
Batting: RHB Calvin Bennett 0-0: Foul Ball, location: 2F
0-1: Ball
1-1: SINGLE (Groundball, 5D)
Batting: LHB Derek Davidson 0-0: Ball
1-0: Ball
2-0: Ball
3-0: Called Strike
3-1: Foul Ball, location: 2F
3-2: Foul Ball, location: 2F
3-2: Base on Balls
Calvin Bennett to second
Batting: LHB Felipe Guerrero 0-0: Swinging Strike
0-1: Foul Ball, location: 2F
0-2: Fly out, F2 (Popup, 13S)
Batting: LHB Elliott Newell 0-0: Ball
Calvin Bennett steals 3rd base
Derek Davidson to second
1-0: Foul Ball, location: 2F
1-1: Ball
2-1: Ball
3-1: Foul Ball, location: 2F
3-2: Strikes out swinging
Batting: SHB Shane Hutchinson 0-0: Swinging Strike
0-1: Foul Ball, location: 2F
0-2: Strikes out looking
Bottom of the 4th over - 0 run(s), 1 hit(s), 0 error(s), 2 left on base; Jersey Shore 1 - Springfield 0
TOP OF THE 5TH
Jersey Shore D-Bags batting - Pitching for Springfield Stars : LHP José López
Batting: LHB Dave Watt 0-0: Ball
1-0: Called Strike
1-1: Fly out, F5 (Line Drive, 56)
Batting: RHB Luis Ríos 0-0: Called Strike
0-1: Ball
1-1: Foul Ball, location: 2F
1-2: Strikes out swinging
Batting: RHB Cy Keynes 0-0: Ball
1-0: Ball
2-0: Foul Ball, location: 2F
2-1: Ground out 6-3 (Groundball, 6)
Top of the 5th over - 0 run(s), 0 hit(s), 0 error(s), 0 left on base; Jersey Shore 1 - Springfield 0
BOTTOM OF THE 5TH
Springfield Stars batting - Pitching for Jersey Shore D-Bags : RHP Roland Martin
Batting: RHB Juan Carlos Rodríguez 0-0: Swinging Strike
0-1: Ball
1-1: Ball
2-1: Ball
3-1: Ground out 2-3 (Groundball, 25)
Batting: RHB Bryan Sandstrom 0-0: DOUBLE (Line Drive, 3D)
Batting: LHB Jesús Tobías 0-0: Called Strike
0-1: Ground out 4-3 (Groundball, 4M)
Bryan Sandstrom to third
Batting: RHB Juan Rodríguez 0-0: Ball
1-0: Called Strike
1-1: Foul Ball, location: 2F
1-2: Ground out 6-3 (Groundball, 6M)
Bottom of the 5th over - 0 run(s), 1 hit(s), 0 error(s), 1 left on base; Jersey Shore 1 - Springfield 0
TOP OF THE 6TH
Jersey Shore D-Bags batting - Pitching for Springfield Stars : LHP José López
Batting: RHB John Moore 0-0: Foul Ball, location: 2F
0-1: Bunted foul
0-2: Ball
1-2: Ball
2-2: Ground out 6-3 (Groundball, 6)
Batting: RHB Millard Boyd 0-0: Foul Ball, location: 2F
0-1: Ground out 1-3 (Groundball, 13)
Batting: LHB Pat Zimmerman 0-0: Foul Ball, location: 2F
0-1: Ball
1-1: Swinging Strike
1-2: Ball
2-2: Fly out, F7 (Line Drive, 7M)
Top of the 6th over - 0 run(s), 0 hit(s), 0 error(s), 0 left on base; Jersey Shore 1 - Springfield 0
BOTTOM OF THE 6TH
Springfield Stars batting - Pitching for Jersey Shore D-Bags : RHP Roland Martin
Batting: RHB Calvin Bennett 0-0: Ball
1-0: Ball
2-0: Called Strike
2-1: Foul Ball, location: 2F
2-2: Foul Ball, location: 2F
2-2: Ball
3-2: Base on Balls
Batting: LHB Derek Davidson 0-0: Ball
1-0: Foul Ball, location: 2F
1-1: Foul Ball, location: 2F
1-2: Ball
2-2: Fly out, F9 (Flyball, 9M)
Batting: LHB Felipe Guerrero 0-0: Called Strike
0-1: Ball
1-1: Ball
2-1: Ball
3-1: Base on Balls
Calvin Bennett to second
Batting: LHB Elliott Newell 0-0: Called Strike
0-1: Ball
1-1: Called Strike
1-2: Strikes out swinging
Batting: SHB Shane Hutchinson 0-0: Called Strike
0-1: Foul Ball, location: 2F
0-2: Ball
1-2: Ball
2-2: Ball
3-2: Ground out U3 (Groundball, 3L)
Bottom of the 6th over - 0 run(s), 0 hit(s), 0 error(s), 2 left on base; Jersey Shore 1 - Springfield 0
TOP OF THE 7TH
Jersey Shore D-Bags batting - Pitching for Springfield Stars : LHP José López
Batting: RHB Matt Doyle 0-0: Foul Ball, location: 2F
0-1: Foul Ball, location: 2F
0-2: Ball
1-2: Ground out 4-3 (Groundball, 4M)
Batting: RHB Miguel Serna 0-0: Ball
1-0: Foul Ball, location: 2F
1-1: Ground out 4-3 (Groundball, 4)
Batting: RHB Owen Carter 0-0: Called Strike
0-1: Foul Ball, location: 2F
0-2: Foul Ball, location: 2F
0-2: Ball
1-2: SINGLE (Groundball, 34D)
Pinch Hitting: RHB Pedro Rodríguez 0-0: Fielders Choice at 2nd, U6 (Groundball, 6M)
Top of the 7th over - 0 run(s), 1 hit(s), 0 error(s), 1 left on base; Jersey Shore 1 - Springfield 0
BOTTOM OF THE 7TH
Springfield Stars batting - Pitching for Jersey Shore D-Bags : RHP Roland Martin
Now in LF: Wilson Martínez
Batting: RHB Juan Carlos Rodríguez 0-0: Ball
1-0: Ground out 5-3 (Groundball, 56S)
Batting: RHB Bryan Sandstrom 0-0: Ball
1-0: Called Strike
1-1: Foul Ball, location: 2F
1-2: Foul Ball, location: 2F
1-2: Ball
2-2: Strikes out swinging
Batting: LHB Jesús Tobías 0-0: SINGLE (Flyball, 89M)
Batting: RHB Juan Rodríguez 0-0: Called Strike
0-1: Called Strike
0-2: Ball
1-2: Foul Ball, location: 2F
1-2: Fly out, F8 (Flyball, 8LXD)
Bottom of the 7th over - 0 run(s), 1 hit(s), 0 error(s), 1 left on base; Jersey Shore 1 - Springfield 0
TOP OF THE 8TH
Jersey Shore D-Bags batting - Pitching for Springfield Stars : LHP José López
Pitching: RHP Larry Jackson
Batting: RHB Luis Ríos 0-0: Ground out 5-3 (Groundball, 5L)
Batting: RHB Cy Keynes 0-0: Ball
1-0: Ball
2-0: Ball
3-0: Base on Balls
Batting: RHB John Moore 0-0: Grounds into double play, 6-4-3 (Groundball, 6)
Top of the 8th over - 0 run(s), 0 hit(s), 0 error(s), 0 left on base; Jersey Shore 1 - Springfield 0
BOTTOM OF THE 8TH
Springfield Stars batting - Pitching for Jersey Shore D-Bags : RHP Roland Martin
Batting: RHB Calvin Bennett 0-0: Fly out, F8 (Popup, 6MD)
Pitching: LHP Hyo-chin Kim
Batting: LHB Derek Davidson 0-0: Swinging Strike
0-1: Foul Ball, location: 2F
0-2: Strikes out swinging
Batting: LHB Felipe Guerrero 0-0: Ball
1-0: Ball
2-0: Foul Ball, location: 2F
2-1: Foul Ball, location: 2F
2-2: Ball
3-2: Fly out, F8 (Popup, 8RS)
Bottom of the 8th over - 0 run(s), 0 hit(s), 0 error(s), 0 left on base; Jersey Shore 1 - Springfield 0
TOP OF THE 9TH
Jersey Shore D-Bags batting - Pitching for Springfield Stars : RHP Larry Jackson
Pitching: RHP José Valdéz
Batting: RHB Millard Boyd 0-0: Ball
1-0: Swinging Strike
1-1: Fly out, F7 (Line Drive, 78M)
Batting: LHB Pat Zimmerman 0-0: Foul Ball, location: 2F
0-1: Ball
1-1: SINGLE (Line Drive, 6MD)
Pinch Hitting: LHB Robert Phillips 0-0: Ball
1-0: Ball
2-0: Called Strike
2-1: Foul Ball, location: 2F
2-2: Strikes out swinging
Batting: RHB Miguel Serna 0-0: Foul Ball, location: 2F
0-1: Called Strike
0-2: Ball
1-2: Ball
Pat Zimmerman is caught stealing 2nd base
Top of the 9th over - 0 run(s), 1 hit(s), 0 error(s), 0 left on base; Jersey Shore 1 - Springfield 0
BOTTOM OF THE 9TH
Springfield Stars batting - Pitching for Jersey Shore D-Bags : LHP Hyo-chin Kim
Pitching: LHP Gerald Johnson
Now at 1B: Robert Phillips
Batting: LHB Elliott Newell 0-0: Ball
1-0: SOLO HOME RUN (Flyball, 78D), Distance : 436 ft
Batting: SHB Shane Hutchinson 0-0: Called Strike
0-1: Ball
1-1: Ball
2-1: Foul Ball, location: 2F
2-2: Strikes out swinging
Batting: RHB Juan Carlos Rodríguez 0-0: Called Strike
0-1: Ball
1-1: Swinging Strike
1-2: Foul Ball, location: 2F
1-2: Ball
2-2: Strikes out swinging
Batting: RHB Bryan Sandstrom 0-0: Ball
1-0: Foul Ball, location: 2F
1-1: Fly out, F4 (Popup, 4D)
Bottom of the 9th over - 1 run(s), 1 hit(s), 0 error(s), 0 left on base; Jersey Shore 1 - Springfield 1
TOP OF THE 10TH
Jersey Shore D-Bags batting - Pitching for Springfield Stars : RHP José Valdéz
Batting: RHB Miguel Serna 0-0: Ball
1-0: Swinging Strike
1-1: Ball
2-1: Foul Ball, location: 2F
2-2: Strikes out swinging
Batting: RHB Owen Carter 0-0: DOUBLE (Line Drive, 7LS)
Batting: RHB Wilson Martínez 0-0: Ball
1-0: Ball
Passed Ball!
Owen Carter to third
2-0: Foul Ball, location: 2F
2-1: Foul Ball, location: 2F
2-2: Strikes out looking
Batting: RHB Luis Ríos 0-0: Foul Ball, location: 2F
0-1: SINGLE (Line Drive, 8RS)
Owen Carter scores
Batting: RHB Cy Keynes 0-0: Called Strike
0-1: Foul Ball, location: 2F
0-2: Ball
1-2: Ground out 5-3 (Groundball, 5)
Top of the 10th over - 1 run(s), 2 hit(s), 0 error(s), 1 left on base; Jersey Shore 2 - Springfield 1
BOTTOM OF THE 10TH
Springfield Stars batting - Pitching for Jersey Shore D-Bags : LHP Gerald Johnson
Pinch Hitting: SHB David García 0-0: Fly out, F9 (Flyball, 9M)
Batting: RHB Juan Rodríguez 0-0: Ball
1-0: DOUBLE (Line Drive, 7LM)
Batting: RHB Calvin Bennett 0-0: Swinging Strike
0-1: Foul Ball, location: 2F
0-2: Strikes out looking
Batting: LHB Derek Davidson 0-0: Ball
1-0: Ball
2-0: Foul Ball, location: 2F
2-1: Foul Ball, location: 2F
2-2: Ground out 3-1 (Groundball, 34)
Bottom of the 10th over - 0 run(s), 1 hit(s), 0 error(s), 1 left on base; Jersey Shore 2 - Springfield 1
Monday, December 5th, 2016 - OOTP Baseball 17.12 Build 75